 Dungeon Crawl Stone Soup version 0.30-a0-711-gf4ac18a38d (webtiles) character file.

Game seed: 4216562280080934892

86207 avis the Spry (level 15, -7/121 HPs)
             Began as a Demigod Hunter on Jan 22, 2023.
             Mangled by a tentacle (21 damage)
             ... attached to a kraken
             ... on level 2 of the Shoals.
             The game lasted 03:12:28 (26759 turns).

avis the Spry (Demigod Hunter)                     Turns: 26759, Time: 03:12:29

Health: -7/121     AC: 17    Str: 12    XL:     15   Next: 1%
Magic:  21/21      EV: 21    Int: 11    God:
Gold:   1657       SH:  5    Dex: 46    Spells: 15/18 levels left

rFire   + . .      SeeInvis +    a - +2 arbalest (flame)
rCold   . . .      Faith    .    (shield currently unavailable)
rNeg    + . .      Spirit   .    R - +4 chain mail of Naackegh {Fly}
rPois   +          Reflect  +    E - +2 helmet
rElec   .          Harm     .    N - +0 cloak
rCorr   .          Rampage  .    P - +0 pair of gloves {Dex+3}
Will    ++++.                    (no boots)
Stlth   +                        B - amulet of reflection
HPRegen 0.40/turn                T - ring "Plog" {*Slow rN+ Will+++ Dex+6}
MPRegen 0.17/turn                I - ring of Past Mistakes {rPois rF+ Slay+3 SInv Stlth-}

@: flying
A: high MP 1, forlorn, divine attributes
a: no special abilities


You were on level 2 of the Shoals.
You visited 6 branches of the dungeon, and saw 22 of its levels.
You also visited: Ossuary.

You collected 2579 gold pieces.
You spent 922 gold pieces at shops.

Inventory:

Hand Weapons
 a - a +2 arbalest of flaming (weapon)
 b - a +2 shortbow of freezing
 w - the +9 hand axe "Ygezoll" {venom, rF+ rC++ Str+3 Stlth+}
   (You found it on level 1 of the Lair of Beasts)

   Str:       It affects your strength (+3).
   rF:        It protects you from fire.
   rC:        It greatly protects you from cold.
   Stlth:     It makes you more stealthy.
Missiles
 M - 6 throwing nets
Armour
 p - a +2 robe of resistance
 E - a +2 helmet (worn)
 N - a +0 cloak (worn)
 P - a +0 pair of gloves of dexterity (worn)
 R - the +4 chain mail of Naackegh (worn) {Fly}
   (You found it on level 2 of the Shoals)

   Fly:       It grants you flight.
Jewellery
 B - an amulet of reflection (around neck)
 I - the ring of Past Mistakes (right hand) {rPois rF+ Slay+3 SInv Stlth-}
   (You acquired it on level 5 of the Lair of Beasts)

   [ring of see invisible]

   Slay:      It affects your accuracy & damage with ranged weapons and melee
   (+3).
   rF:        It protects you from fire.
   rPois:     It protects you from poison.
   SInv:      It lets you see invisible.
   Stlth:     It makes you less stealthy.
 T - the ring "Plog" (left hand) {*Slow rN+ Will+++ Dex+6}
   (You acquired it on level 1 of the Shoals)

   [ring of dexterity]

   Dex:       It affects your dexterity (+6).
   rN:        It protects you from negative energy.
   *Slow:     It may slow you when you take damage.
   Will:      It greatly increases your willpower.
Wands
 d - a wand of roots (14)
 o - a wand of flame (18)
 x - a wand of charming (12)
 y - a wand of polymorph (3)
 C - a wand of digging (7)
 G - a wand of mindburst (7)
 X - a wand of acid (12)
Scrolls
 c - 2 scrolls of magic mapping
 f - 7 scrolls of poison
 h - 7 scrolls of enchant armour {unknown}
 n - 3 scrolls of summoning
 q - 7 scrolls of vulnerability {unknown}
 r - 19 scrolls of teleportation
 v - 8 scrolls of fear
 K - a scroll of fog
 Q - 4 scrolls of blinking
Potions
 e - 2 potions of berserk rage
 g - 4 potions of haste
 i - 7 potions of curing
 k - 7 potions of lignification
 l - 3 potions of resistance
 m - a potion of ambrosia
 s - 5 potions of heal wounds
 D - 2 potions of brilliance
 F - 4 potions of invisibility
 J - a potion of flight
 V - 3 potions of might
Miscellaneous
 H - a condenser vane
 W - a piece from Xom's chessboard (15/15)


   Skills:
 - Level 8.0 Fighting
 - Level 16.0 Ranged Weapons
 * Level 17.5 Dodging
 - Level 7.0 Stealth
 - Level 2.0 Spellcasting
 - Level 2.0 Ice Magic


You had 15 spell levels left.
You knew the following spells:

 Your Spells              Type           Power      Damage    Failure   Level
o - Ozocubu's Armour      Ice            5%         N/A       100%        3

Your spell library contained the following spells:

 Spells                   Type           Power      Damage    Failure   Level
 Freeze                   Ice            20%        1d4       99%         1
 Shock                    Conj/Air       4%         1d3       100%        1
 Scorch                   Fire           2%         2d5       100%        2
 Call Canine Familiar     Summ           1%         N/A       100%        3
 Dazzling Flash           Conj/Hex       2%         N/A       100%        3
 Frozen Ramparts          Ice            10%        1d2       100%        3
 Hailstorm                Conj/Ice       3%         3d3       100%        3
 Inner Flame              Hex/Fire       1%         N/A       100%        3
 Portal Projectile        Hex/Tloc       2%         N/A       100%        3
 Swiftness                Air            1%         N/A       100%        3
 Airstrike                Air            0%         2d(1-17)  100%        4
 Cause Fear               Hex            0%         N/A       100%        4
 Flame Wave               Conj/Fire      1%         2d4       100%        4
 Fulminant Prism          Conj/Hex       0%         3d5       100%        4
 Leda's Liquefaction      Hex/Erth       0%         N/A       100%        4
 Metabolic Englaciation   Hex/Ice        1%         N/A       100%        5
 Simulacrum               Ice/Necr       1%         N/A       100%        6
 Summon Cactus Giant      Summ           0%         N/A       100%        6
 Borgnjor's Revivificati  Necr           0%         N/A       100%        8
 Discord                  Hex            0%         N/A       100%        8
 Infestation              Necr           0%         N/A       100%        8
 Necromutation            Tmut/Necr      0%         N/A       100%        8
 Death's Door             Necr           0%         N/A       100%        9


Dungeon Overview and Level Annotations

Branches:
Dungeon (10/15)            Temple (1/1) D:4            Lair (5/5) D:10
 Shoals (3/4) Lair:3       Spider (1/4) Lair:2        Slime (0/5) Lair:4
    Orc (2/2) D:9             Elf (0/3) Orc:2       Ossuary (visited)

Shops:
D:2 [   Orc:1 ?   Orc:2 :![*

Portals:
Hell: Lair:5


Innate Abilities, Weirdness & Mutations

You have an increased reservoir of magic. (+10% MP)
You shall have no god before yourself.
Your divine heritage dramatically boosts your attributes as you level up.


Message History

The tentacle barely misses you. The kraken misses you.
Fire: a) +2 arbalest (flame)
Press: ? - help, Q - select action, (/) - cycle Shift-Dir - straight line, f/p - tentacle
Aim: a tentacle (water, almost dead, 84% to hit)
You shoot a bolt. The bolt hits the tentacle!
The bolt burns the tentacle.
You kill the tentacle!
The tentacle slaps you but does no damage.
You block the tentacle's attack. The tentacle closely misses you.
You block the kraken's attack. The tentacle barely misses you.
The tentacle slaps you.
The tentacle slaps you but does no damage.
A tentacle rises from the water!
The tentacle slaps you! The tentacle misses you. x2
A tentacle comes into view.
Fire: a) +2 arbalest (flame)
Press: ? - help, Q - select action, (/) - cycle Shift-Dir - straight line, f - tentacle
Aim: a tentacle (water, 84% to hit)
You shoot a bolt. The bolt hits the tentacle!!
The bolt burns the tentacle.
The tentacle is heavily wounded.
The tentacle slaps you. You block the tentacle's attack.
The tentacle barely misses you. The kraken bites you!!
* * * LOW HITPOINT WARNING * * *
The tentacle misses you. x2
The tentacle slaps you but does no damage.
You block the kraken's attack. The tentacle misses you. The tentacle slaps you.
* * * LOW HITPOINT WARNING * * *
The tentacle closely misses you.
Fire: a) +2 arbalest (flame)
Press: ? - help, Q - select action, (/) - cycle Shift-Dir - straight line, f/p - tentacle
Aim: a tentacle (water, heavily wounded, 84% to hit)
You shoot a bolt. The bolt hits the tentacle!!!
The bolt burns the tentacle!
You kill the tentacle!
The kraken completely misses you.
The tentacle slaps you but does no damage. x2
The tentacle slaps you!
* * * LOW HITPOINT WARNING * * *
The kraken completely misses you. The tentacle slaps you.
* * * LOW HITPOINT WARNING * * *
The tentacle misses you. The tentacle slaps you!!
You die...

≈≈≈≈≈≈≈≈≈≈≈≈≈≈≈≈≈≈≈
≈≈~~~≈≈≈≈≈≈≈≈≈≈≈≈≈≈≈≈≈≈≈~~~~~~~~~
~~~~~~~≈≈≈≈≈≈≈≈≈≈≈≈≈≈≈≈~~~~~~~H~~
~~~~~~~~~≈~≈≈≈≈≈≈≈≈≈≈≈≈~...~~~~..
~~~~~~~~~~~~~≈≈≈≈≈≈≈≈~~~..>......
~~~~~~~~~~~~~~≈≈≈≈≈≈≈~~~.......#
~~~~~~~~~~~.~~≈≈≈≈≈≈≈~~~......
~~~~..~~~~~~~~≈wXw≈≈~~~.....#
~~~....~~~~~~~≈≈@w≈≈~~~.##.#
~~.###..>~~~~~≈≈≈≈≈≈~~~P...#
~~.###~~~≈~~~≈≈≈≈≈≈≈≈~~~...#
~~~..~~~≈≈≈≈≈≈≈≈≈≈≈≈P~PP..#####
~~~~..~~≈≈≈≈≈≈≈≈≈≈≈≈~P.P..# #.###
~~~..~~~~≈≈≈≈≈≈≈≈≈≈≈≈~.PP.###...#
~~~~~~~~~≈≈≈≈≈≈≈≈≈≈≈≈~P~~~......#
..(~~~~~~≈≈≈≈≈≈≈≈≈≈≈≈≈≈....P....^
##..~..~≈≈≈≈≈≈≈≈≈≈~P~≈≈~....~~~..


You could see a kraken and 3 tentacles.

Vanquished Creatures
  Mlioglotl (Spider:1)
  Jorgrun (Shoals:1)
  Polyphemus (Shoals:2)
  Aizul (Shoals:2)
  The ghost of wormed the Covert, a journeyman DsFE of Vehumet (Lair:2)
  A merfolk impaler (Shoals:1)
  2 merfolk javelineers (Shoals:2)
  3 hydras
  A centaur warrior (Shoals:1)
  3 merfolk avatars (Shoals:2)
  A catoblepas (Shoals:2)
  4 death yaks
  A vampire mage (Lair:1)
  3 two-headed ogres
  The ghost of Darius099 the Protected, a novice GrFi of Okawaru (D:8)
  A sun demon (Lair:5)
  7 sea snakes
  A pharaoh ant (Spider:1)
  A wizard (Lair:5)
  An orb spider (Spider:1)
  A lindwurm (Lair:5)
  Pikel (D:7)
  2 steelbarb worms (Spider:1)
  9 harpies
  6 fauns (Shoals:2)
  An orc sorcerer (Orc:1)
  An oklob plant (Lair:5)
  2 wolf spiders (Spider:1)
  3 orc knights
  A cyclops (Shoals:2)
  4 manticores
  6 merfolk sirens
  Maurice (Orc:2)
  2 black mambas
  A water nymph (Shoals:2)
  2 orange demons (Lair:5)
  A demonic crawler (Spider:1)
  12 elephants
  A torpor snail (Spider:1)
  11 cane toads
  7 rime drakes
  3 ice devils (Lair:5)
  6 komodo dragons
  19 merfolk
  A red devil (Lair:5)
  3 trolls
  A hornet (D:8)
  A hellwing (Lair:5)
  2 polar bears
  5 wind drakes
  2 tarantellas (Spider:1)
  6 blink frogs
  4 dream sheep (Shoals:2)
  6 jumping spiders (Spider:1)
  3 snapping turtles (Shoals:1)
  6 culicivoras (Spider:1)
  4 wyverns
  57 yaks
  A water elemental (Shoals:1)
  A human (Lair:1)
  An unseen horror simulacrum (D:8)
  2 wraiths (D:9)
  3 basilisks
  12 redbacks (Spider:1)
  Menkaure (D:7)
  5 wargs (Orc:1)
  An acid dragon (D:9)
  4 hell hounds (Lair:5)
  13 water moccasins
  27 orc warriors
  3 ice beasts (D:8)
  2 sky beasts
  2 black bears
  8 ogres
  4 wolves (Lair:5)
  18 centaurs
  2 lemures (D:7)
  10 bullfrogs
  2 kobold brigands
  4 necrophages
  3 gnoll sergeants (D:7)
  5 scorpions
  4 wights (D:8)
  3 electric eels (Lair:4)
  2 centaur zombies (Ossuary)
  A wyvern simulacrum (D:8)
  4 lava snakes (Lair:4)
  6 hounds
  4 gnoll boudas
  14 jellies
  A human zombie (Ossuary)
  17 orc priests
  3 iguanas
  Ijyb (D:3)
  Natasha (thrice) (D:3)
  14 orc wizards
  4 hell rats (Lair:5)
  3 mummies (Ossuary)
  A killer bee simulacrum (D:8)
  Robin (D:3)
  25 gnolls
  9 adders
  2 shadow imps (D:7)
  3 white imps
  6 worms
  7 dart slugs
  57 orcs
  6 ball pythons
  A bat (D:1)
  4 endoplasms
  6 giant cockroaches
  2 gnoll zombies (Ossuary)
  16 hobgoblins
  7 jackals
  20 kobolds
  2 quokkas
  3 frilled lizards
  11 goblins
  A goblin zombie (Ossuary)
  A hobgoblin zombie (Ossuary)
  An orc zombie (Ossuary)
  3 rats
  5 tentacles (Shoals:2)
658 creatures vanquished.

Vanquished Creatures (others)
  An orc warrior (Orc:2)
  A kobold (D:7)
  A bush (Lair:3)
  4 fungi
  47 plants
  8 tentacles (Shoals:2)
62 creatures vanquished.

Grand Total: 720 creatures vanquished

Notes
Turn   | Place    | Note
-------+----------+-------------------------------------------
     0 | D:1      | avis the Demigod Hunter began the quest for the Orb.
     0 | D:1      | Reached XP level 1. HP: 17/17 MP: 3/3
   390 | D:1      | Reached XP level 2. HP: 24/24 MP: 4/4
   393 | D:1      | You fall into a shaft and drop 1 floor!
   533 | D:2      | Reached skill level 2 in Dodging
   535 | D:2      | Identified the +12 spear of Beogh, Hammering {heavy, rF+
                  | rCorr Int-4}
  1290 | D:2      | Reached XP level 3. HP: 29/29 MP: 5/5
  1360 | D:2      | Reached skill level 3 in Dodging
  1360 | D:2      | Reached skill level 1 in Stealth
  1410 | D:2      | Identified the +0 ring mail of Tartarus {rN++ Slay+2}
  1855 | D:2      | Found Hometes's Antique Armour Shoppe.
  2069 | D:3      | Reached XP level 4. HP: 36/36 MP: 6/6
  2123 | D:3      | Noticed Natasha
  2127 | D:3      | Killed Natasha
  2206 | D:3      | Noticed Robin
  2215 | D:3      | Killed Robin
  2223 | D:3      | Reached XP level 5. HP: 41/45 MP: 7/7
  2329 | D:3      | Noticed Ijyb
  2345 | D:3      | Killed Ijyb
  2346 | D:3      | Reached skill level 5 in Ranged Weapons
  2894 | D:2      | Bought a glowing leather armour for 110 gold pieces
  3103 | D:3      | Noticed Natasha
  3109 | D:3      | Killed Natasha
  3110 | D:3      | Reached XP level 6. HP: 51/51 MP: 8/8
  3217 | D:3      | Noticed Natasha
  3223 | D:3      | Killed Natasha
  3253 | D:4      | Found a staircase to the Ecumenical Temple.
  3287 | Temple   | Entered the Ecumenical Temple
  3443 | D:4      | Reached skill level 4 in Dodging
  3775 | D:4      | Reached skill level 5 in Dodging
  3775 | D:4      | Reached XP level 7. HP: 56/57 MP: 9/9
  4007 | D:5      | Entered Level 5 of the Dungeon
  4285 | D:5      | Reached skill level 6 in Dodging
  5086 | D:5      | Reached XP level 8. HP: 63/66 MP: 10/10
  6130 | D:7      | Noticed Menkaure
  6132 | D:7      | Killed Menkaure
  6238 | D:7      | Found a sand-covered staircase.
  6245 | Ossuary  | Entered an ossuary
  6311 | Ossuary  | Reached skill level 7 in Dodging
  6682 | D:7      | Reached XP level 9. HP: 48/71 MP: 11/11
  6694 | D:7      | Reached skill level 8 in Dodging
  6795 | D:7      | Noticed Pikel
  6804 | D:7      | Killed Pikel
  6805 | D:7      | Reached skill level 9 in Dodging
  7136 | D:7      | Reached skill level 5 in Fighting
  7846 | Temple   | Upgraded the game from 0.30-a0-702-gdf48620a09 to
                  | 0.30-a0-711-gf4ac18a38d
  8307 | D:8      | Noticed Darius099's ghost (novice GrFi)
  8716 | D:8      | Reached XP level 10. HP: 71/81 MP: 13/13
  8911 | D:8      | Found a runed translucent gate.
  8911 | D:8      | Found a runed translucent gate.
  8911 | D:8      | Found a runed translucent gate.
  9668 | D:9      | Found a staircase to the Orcish Mines.
  9704 | D:8      | Reached skill level 10 in Ranged Weapons
  9875 | D:9      | Reached skill level 10 in Dodging
 10318 | D:9      | Noticed a two-headed ogre
 10329 | D:9      | Killed a two-headed ogre
 10330 | D:9      | Reached skill level 11 in Dodging
 10703 | D:10     | Entered Level 10 of the Dungeon
 10703 | D:10     | Noticed a two-headed ogre
 10955 | D:10     | Killed a two-headed ogre
 11174 | D:9      | Reached skill level 12 in Dodging
 11174 | D:9      | Reached XP level 11. HP: 81/86 MP: 14/14
 11505 | D:10     | Found a staircase to the Lair.
 11798 | Lair:1   | Entered Level 1 of the Lair of Beasts
 11801 | Lair:1   | Identified the +9 hand axe "Ygezoll" {venom, rF+ rC++ Str+3
                  | Stlth+}
 11824 | Lair:1   | Reached skill level 5 in Stealth
 12613 | Lair:1   | Found a runed translucent door.
 12613 | Lair:1   | Noticed a vampire mage
 12626 | Lair:1   | Identified the +1 robe "Omna Fimm" {rC- Dex+9}
 12797 | Lair:1   | Identified a scroll of acquirement
 12801 | Lair:1   | Acquired a +2 arbalest of flaming
 13623 | Lair:2   | Found a hole to the Spider Nest.
 13890 | Lair:2   | Found a large runed translucent door.
 13891 | Lair:2   | Found a large runed translucent door.
 13893 | Lair:2   | Noticed wormed's ghost (journeyman DsFE)
 14266 | Lair:3   | Noticed a six-headed hydra
 14270 | Lair:3   | Killed a six-headed hydra
 14432 | Lair:3   | Reached skill level 13 in Dodging
 14436 | Lair:3   | Reached XP level 12. HP: 46/96 MP: 15/15
 14966 | Lair:3   | Found a staircase to the Shoals.
 15463 | Lair:4   | Reached skill level 14 in Dodging
 15492 | Lair:4   | Found a staircase to the Slime Pits.
 15691 | Lair:4   | Got Tewocw's Volume of Ghoulish Imprecation
 15745 | Lair:4   | Learned a level 3 spell: Ozocubu's Armour
 15754 | Lair:4   | You fall into a shaft and drop 1 floor!
 15754 | Lair:5   | Entered Level 5 of the Lair of Beasts
 17288 | Lair:5   | Acquired the ring of Past Mistakes {rPois rF+ Slay+3 SInv
                  | Stlth-}
 17358 | Lair:5   | Noticed a six-headed hydra
 17361 | Lair:5   | Killed a six-headed hydra
 17375 | Lair:5   | Reached XP level 13. HP: 105/105 MP: 16/16
 18023 | Lair:5   | Reached skill level 15 in Dodging
 18049 | Lair:5   | Found a gateway to Hell.
 18327 | D:8      | Killed Darius099's ghost
 18725 | Lair:2   | Killed wormed's ghost
 18852 | Orc:1    | Entered Level 1 of the Orcish Mines
 19180 | Orc:1    | Found Zahaprarph's Magic Scroll Boutique.
 19191 | Orc:1    | Bought a scroll of teleportation for 48 gold pieces
 19191 | Orc:1    | Bought a scroll of fear for 64 gold pieces
 19191 | Orc:1    | Bought a scroll of poison for 64 gold pieces
 19191 | Orc:1    | Bought a scroll of summoning for 152 gold pieces
 19191 | Orc:1    | Bought a scroll of identify for 32 gold pieces
 19287 | Orc:2    | Entered Level 2 of the Orcish Mines
 19291 | Orc:2    | Noticed Maurice
 19293 | Orc:2    | Killed Maurice
 19696 | Orc:1    | Reached skill level 16 in Dodging
 20569 | Orc:2    | Found a staircase to the Elven Halls.
 20629 | Orc:2    | Found Qoxtaun's Distillery.
 20629 | Orc:2    | Found Dunnukups's Armour Boutique.
 20631 | Orc:2    | Found Eggezyro's General Store.
 20633 | Orc:2    | Found Tylu's Book Emporium.
 21059 | Orc:2    | Bought a +2 robe of resistance for 452 gold pieces
 21223 | Spider:1 | Entered Level 1 of the Spider Nest
 21265 | Spider:1 | Reached skill level 1 in Spellcasting
 21330 | Spider:1 | Reached skill level 1 in Ice Magic
 21585 | Spider:1 | Noticed Mlioglotl
 21596 | Spider:1 | Killed Mlioglotl
 21596 | Spider:1 | HP: 1/105 [wolf spider[a torpor snail] (11)]
 22193 | Spider:1 | Reached XP level 14. HP: 115/115 MP: 20/20
 22733 | Shoals:1 | Entered Level 1 of the Shoals
 23069 | Shoals:1 | Reached skill level 15 in Ranged Weapons
 23260 | Shoals:1 | Noticed Jorgrun
 23267 | Shoals:1 | Killed Jorgrun
 23521 | Shoals:1 | Acquired the ring "Plog" {*Slow rN+ Will+++ Dex+6}
 23557 | Shoals:1 | You fall into a shaft and drop 1 floor!
 23557 | Shoals:2 | Noticed Polyphemus
 24607 | Shoals:2 | Killed Polyphemus
 24731 | Shoals:2 | Noticed Aizul
 25205 | Shoals:2 | Killed Aizul
 25267 | Shoals:2 | Reached skill level 17 in Dodging
 25458 | Shoals:2 | Identified the +4 chain mail of Naackegh {Fly}
 25577 | Shoals:2 | Reached XP level 15. HP: 121/121 MP: 21/21
 26322 | Shoals:2 | Noticed a kraken
 26759 | Shoals:2 | Mangled by a tentacle

Illustrated notes

Levels and vault maps discovered:
D:1:      dpeg_arrival_pond, layout_basic, minmay_bisected
D:2:      layout_basic, serial_shops, nicolae_shop_crystal, nrook_mini_backslash
D:3:      layout_rooms, mainiacjoe_overflow_concentric_impassable,
          hellmonk_ecumenical_altar_run_dry, grunt_ministairs_15, uniq_robin,
          uniq_ijyb, uniq_natasha
D:4:      layout_loops_ring, minmay_temple_entry_overgrown,
          minmay_misc_feat_encased
D:5:      layout_basic, chequers_serial_rivers_micro_b
D:6:      layout_basic, kennysheep_little_box, kennysheep_generic_room_13
D:7:      kennysheep_housing_project, layout_loops_ring,
          chequers_ossuary_entry_cave, uniq_pikel, uniq_menkaure
D:8:      layout_layer_cave, nzn_hepliaklqana_mist_gate, gammafunk_ghost_icy,
          grunt_ministairs_1
D:9:      layout_basic, grunt_gozag_statues, minmay_misc_feat_five
D:10:     layout_small_grid, nemelex_spade_bored_becter, lair_entry_dummy
Temple:   nicolae_temple_bog_church
Lair:1:   layout_regular_city, pdpol_lair_cabin_in_the_woods
Lair:2:   layout_hall_layers, dummy_spider_entry, ebering_ghost_disaster_area,
          lemuel_fruit_tree
Lair:3:   layout_regular_city, elwin_shoals_entry_rooms, patterned_corridor
Lair:4:   layout_cave_pods, minmay_slime_entry_jelly_boxes,
          chequers_serial_rivers_micro_b, nicolae_lair_liquid_snakes,
          grunt_megastairs_1
Lair:5:   evil_forest, layout_hall_layers
Shoals:1: layout_shoals, uniq_jorgrun
Shoals:2: layout_shoals, lemuel_centaur_altar, uniq_aizul, uniq_polyphemus
Shoals:3: layout_shoals, serial_shops, bzr_firewalk
Spider:1: layout_spider_delve, uniq_mlioglotl
Orc:1:    cheibrodos_orc_guarddog, layout_diamond_mine, serial_shops,
          nicolae_shop_waterfront
Orc:2:    st_orc_rangers, layout_caves, uniq_maurice

Skill      XL: |  1  2  3  4  5  6  7  8  9 10 11 12 13 14 |
---------------+-------------------------------------------+-----
Fighting       | 2 3 4 5 6 7 8 |  8.0
Ranged Weapons | 4 5 6 8 9 10 12 13 14 16 | 16.0
Dodging        | 2 3 5 6 7 9 12 13 14 16 17 | 17.5
Stealth        | 2 3 4 5 6 7 |  7.0
Spellcasting   | 2 |  2.0
Ice Magic      | 2 |  2.0

Action                     |  1- 3 |  4- 6 |  7- 9 | 10-12 | 13-15 || total
---------------------------+-------+-------+-------+-------+-------++-------
  Melee: Short sword       |    15 |       |       |       |       ||    15
         Spear             |    22 |   110 |   298 |   169 |       ||   599
         Punch             |       |       |     4 |     4 |       ||     8
   Fire: Shortbow          |    59 |    49 |   114 |   159 |    27 ||   408
         Arbalest          |       |       |       |   335 |   727 ||  1062
  Evoke: Wand              |       |       |     2 |       |       ||     2
    Use: Potion            |       |     3 |     1 |     1 |     6 ||    11
         Scroll            |       |       |     8 |    11 |     3 ||    22
   Stab: Sleeping          |     1 |     2 |     6 |     1 |       ||    10
         Distracted        |       |     2 |     1 |       |       ||     3
 Armour: Leather armour    |     7 |     3 |    61 |    16 |       ||    87
         Ring mail         |     1 |    17 |       |       |       ||    18
         Skin              |       |    75 |       |       |       ||    75
         Troll leather arm |       |       |       |    24 |     3 ||    27
         Robe              |       |       |       |       |    29 ||    29
         Chain mail        |       |       |       |       |     5 ||     5
  Dodge: Dodged            |    25 |    75 |   355 |   568 |   944 ||  1967
  Block: Other             |       |       |    99 |   129 |   187 ||   415
         Reflection        |       |       |     4 |     6 |    34 ||    44

Table legend: (Time is in decaauts)
 A = Elapsed time spent in this place.
 B = Non-inter-level travel time spent in this place.
 C = Inter-level travel time spent in this place.
 D = Time resting spent in this place.
 E = Time spent auto-exploring this place.
 F = Levels seen in this place.
 G = Mean time per level.
                   A        B        C        D        E       F      G
               +--------+--------+--------+--------+--------+-----+--------+
         Total |  27714 |  22854 |   4860 |   5370 |   9526 |  23 | 1205.0 |
       Dungeon |  12599 |  10191 |   2408 |   1613 |   5512 |  10 | 1259.9 |
        Temple |     40 |     35 |      5 |      0 |      0 |   1 |   40.0 |
          Lair |   7461 |   5456 |   2005 |    504 |   3124 |   5 | 1492.2 |
        Shoals |   3850 |   3576 |    274 |   1743 |    131 |   3 | 1283.3 |
   Spider Nest |   1347 |   1333 |     14 |    594 |    455 |   1 | 1347.0 |
  Orcish Mines |   2199 |   2047 |    152 |    916 |    303 |   2 | 1099.5 |
       Ossuary |    216 |    216 |      0 |      0 |      0 |   1 |  216.0 |
               +--------+--------+--------+--------+--------+-----+--------+

Top non-repeatable levels by time:
Shoals:2: 1990 daAuts
     D:7: 1898 daAuts
Shoals:1: 1858 daAuts
  Lair:2: 1773 daAuts
  Lair:1: 1694 daAuts
     D:8: 1622 daAuts
   Orc:1: 1585 daAuts
     D:9: 1400 daAuts
  Lair:3: 1350 daAuts
Spider:1: 1347 daAuts
  Lair:4: 1328 daAuts
  Lair:5: 1314 daAuts
     D:5: 1280 daAuts
     D:2: 1253 daAuts
     D:6: 1194 daAuts
